[ AOE2 MATCH · #505126091 ]
UnrankedKoreans vs Burmese
Player's team · LOSS
Rival team · WIN
[ REPLAY ANALYSIS · EXTRACTED FROM THE RECORDED GAME ]
Feudal
10:07
Castle
—
Imperial
—
| APM avg | 45.2 |
| APM peak | 87 |
| eAPM avg | 17.0 |
| Villagers / military | 40 / 2 |
Focus
⚔️ 45.9% · 🌾 54.1%
Militia ×2
Feudal
11:20
Castle
15:21
Imperial
—
| APM avg | 51.1 |
| APM peak | 73 |
| eAPM avg | 27.5 |
| Villagers / military | 42 / 13 |
Focus
⚔️ 22.6% · 🌾 77.4%
Monk ×11 · Mangonel ×2
Match map
Initial resources + every placement click. Lines = walls · curves = elevation contours. ◆ gold · ⬟ stone · ● berries · ✦ relic · ◌ wall gap
Your base· Open — unwalled flank
L's base· Open — unwalled flank
Smoothed initial terrain · ◌ = detected wall gap · hover for details
Inputs per minute
— Big Tony - - L
Build order — Big Tony
109 actions detected in the replay
| 0:00 | Queue | Villager (Male) ×4 |
| 0:02 | Build | House |
| 0:03 | Build | House |
| 1:36 | Queue | Villager (Male) |
| 1:54 | Build | Lumber Camp |
| 1:58 | Queue | Villager (Male) |
| 2:27 | Queue | Villager (Male) |
| 2:47 | Queue | Villager (Male) |
| 3:04 | Queue | Villager (Male) |
| 3:41 | Queue | Villager (Male) |
| 3:58 | Build | House |
| 4:06 | Queue | Villager (Male) |
| 4:28 | Build | House |
| 4:35 | Queue | Villager (Male) |
| 4:52 | Queue | Villager (Male) |
| 5:07 | Build | Barracks |
| 5:10 | Queue | Villager (Male) |
| 5:36 | Queue | Villager (Male) |
| 5:39 | Build | Palisade Wall |
| 6:01 | Queue | Militia |
| 6:05 | Queue | Villager (Male) |
| 6:21 | Build | Mill |
| 6:26 | Queue | Militia |
| 6:41 | Queue | Villager (Male) |
| 6:59 | Queue | Villager (Male) |
| 7:02 | Queue | Villager (Male) |
| 7:09 | Build | Farm |
| 7:32 | Research | Loom |
| 7:45 | Build | Farm |
| 7:52 | Research | Feudal Age |
| 8:41 | Build | Mining Camp |
| 8:49 | Queue | Villager (Male) |
| 8:58 | Queue | Villager (Male) |
| 9:08 | Build | Mining Camp |
| 9:38 | Queue | Villager (Male) |
| 10:07 | Age | Feudal Age |
| 10:13 | Build | Watch Tower |
| 10:26 | Research | Double-Bit Axe |
| 10:28 | Research | Horse Collar |
| 10:38 | Queue | Villager (Male) |
| 10:41 | Build | House |
| 10:51 | Build | Palisade Wall |
| 10:51 | Build | Palisade Wall |
| 10:52 | Build | Palisade Wall |
| 10:52 | Build | Palisade Wall |
| 10:52 | Build | Palisade Wall |
| 10:53 | Build | Palisade Wall |
| 10:53 | Build | Palisade Wall |
| 10:54 | Build | Palisade Wall |
| 11:12 | Queue | Villager (Male) |
| 11:21 | Build | House |
| 11:30 | Build | Farm |
| 11:39 | Build | House |
| 11:44 | Queue | Villager (Male) |
| 11:51 | Build | House |
| 11:56 | Build | Farm |
| 11:57 | Queue | Villager (Male) |
| 12:09 | Build | House |
| 12:10 | Build | House |
| 12:19 | Build | Watch Tower |
| 12:23 | Build | House |
| 12:26 | Queue | Villager (Male) |
| 12:41 | Build | Palisade Wall |
| 12:54 | Build | House |
| 12:57 | Build | House |
| 13:10 | Build | Palisade Wall |
| 13:12 | Queue | Villager (Male) |
| 13:21 | Build | Farm |
| 13:28 | Build | House |
| 13:41 | Queue | Villager (Male) |
| 13:54 | Build | Watch Tower |
| 13:58 | Build | House |
| 14:14 | Queue | Villager (Male) |
| 14:22 | Build | House |
| 14:24 | Build | House |
| 14:26 | Build | House |
| 14:37 | Queue | Villager (Male) |
| 14:57 | Build | Farm |
| 14:59 | Queue | Villager (Male) |
| 15:10 | Build | Outpost |
| 15:15 | Build | House |
| 15:33 | Queue | Villager (Male) |
| 15:36 | Build | House |
| 15:56 | Research | Wheelbarrow |
| 16:04 | Build | House |
| 16:17 | Queue | Villager (Male) |
| 16:39 | Build | House |
| 16:39 | Build | House |
| 16:45 | Build | Farm |
| 16:46 | Build | Farm |
| 16:47 | Build | Farm |
| 17:32 | Build | Blacksmith |
| 17:41 | Build | Farm |
| 17:49 | Queue | Villager (Male) |
| 18:15 | Queue | Villager (Male) |
| 18:22 | Build | House |
| 18:45 | Queue | Villager (Male) |
| 18:51 | Build | Market |
| 19:22 | Queue | Villager (Male) |
| 19:34 | Build | Lumber Camp |
| 19:38 | Research | Castle Age |
| 19:49 | Build | House |
| 20:09 | Queue | Villager (Male) |
| 20:40 | Build | Watch Tower |
| 20:48 | Research | Stone Mining |
| 21:00 | Build | Palisade Wall |
| 21:03 | Build | House |
| 21:23 | Queue | Villager (Male) |
| 21:24 | Build | Lumber Camp |
Build order — L
122 actions detected in the replay
| 0:00 | Queue | Villager (Male) |
| 0:01 | Build | House |
| 0:02 | Build | House |
| 0:09 | Queue | Villager (Male) |
| 0:09 | Queue | Villager (Male) |
| 0:11 | Queue | Villager (Male) |
| 1:23 | Queue | Villager (Male) |
| 1:57 | Queue | Villager (Male) |
| 2:17 | Queue | Villager (Male) |
| 2:19 | Build | Lumber Camp |
| 2:38 | Queue | Villager (Male) |
| 3:00 | Queue | Villager (Male) |
| 3:27 | Build | House |
| 3:42 | Queue | Villager (Male) |
| 3:43 | Queue | Villager (Male) |
| 4:26 | Queue | Villager (Male) |
| 4:39 | Queue | Villager (Male) |
| 4:44 | Build | Mill |
| 4:46 | Queue | Villager (Male) |
| 5:06 | Build | House |
| 5:08 | Build | Palisade Wall |
| 5:12 | Queue | Villager (Male) |
| 5:30 | Queue | Villager (Male) |
| 5:42 | Queue | Villager (Male) |
| 5:48 | Queue | Villager (Male) |
| 6:05 | Queue | Villager (Male) |
| 6:19 | Build | Palisade Wall |
| 6:21 | Build | Palisade Wall |
| 6:29 | Research | Loom |
| 6:53 | Build | Palisade Wall |
| 6:55 | Build | Palisade Wall |
| 7:01 | Queue | Villager (Male) |
| 7:15 | Build | Palisade Wall |
| 7:19 | Build | Palisade Wall |
| 7:22 | Build | Palisade Wall |
| 7:29 | Queue | Villager (Male) |
| 7:29 | Queue | Villager (Male) |
| 8:17 | Queue | Villager (Male) |
| 8:36 | Queue | Villager (Male) |
| 8:44 | Build | Farm |
| 8:47 | Build | Farm |
| 8:54 | Build | Palisade Wall |
| 9:06 | Build | Farm |
| 9:09 | Research | Feudal Age |
| 9:30 | Build | Mining Camp |
| 10:19 | Build | House |
| 11:02 | Queue | Villager (Male) |
| 11:02 | Queue | Villager (Male) |
| 11:20 | Age | Feudal Age |
| 11:36 | Build | Market |
| 11:45 | Build | Blacksmith |
| 11:47 | Build | House |
| 12:41 | Research | Castle Age |
| 12:48 | Build | Farm |
| 12:51 | Build | Farm |
| 13:12 | Build | House |
| 13:18 | Build | House |
| 13:21 | Build | House |
| 13:44 | Build | House |
| 14:27 | Build | Farm |
| 14:28 | Build | Farm |
| 14:35 | Build | Farm |
| 14:37 | Build | Farm |
| 14:48 | Queue | Villager (Male) |
| 14:55 | Research | Gold Mining |
| 15:21 | Age | Castle Age |
| 15:28 | Build | Siege Workshop |
| 15:36 | Build | Monastery |
| 15:44 | Build | Palisade Wall |
| 15:46 | Queue | Villager (Male) |
| 16:00 | Build | Monastery |
| 16:04 | Queue | Villager (Male) |
| 16:09 | Queue | Mangonel |
| 16:34 | Queue | Mangonel |
| 16:43 | Queue | Villager (Male) |
| 16:45 | Queue | Monk |
| 16:58 | Build | Farm |
| 17:10 | Queue | Villager (Male) |
| 17:16 | Build | Mill |
| 17:17 | Build | Farm |
| 17:18 | Build | Farm |
| 17:50 | Research | Sanctity |
| 17:51 | Queue | Monk |
| 17:53 | Queue | Villager (Male) |
| 17:54 | Build | Farm |
| 18:02 | Queue | Monk |
| 18:19 | Research | Fervor |
| 18:21 | Queue | Villager (Male) |
| 18:29 | Build | Farm |
| 18:30 | Build | Farm |
| 18:32 | Build | Farm |
| 18:36 | Queue | Monk |
| 18:37 | Queue | Monk |
| 18:37 | Queue | Villager (Male) |
| 18:57 | Queue | Monk |
| 19:02 | Build | House |
| 19:03 | Build | House |
| 19:04 | Queue | Villager (Male) |
| 19:18 | Build | Farm |
| 19:19 | Queue | Villager (Male) |
| 19:40 | Queue | Villager (Male) |
| 19:42 | Build | Farm |
| 19:44 | Queue | Monk |
| 19:50 | Queue | Villager (Male) |
| 19:55 | Queue | Monk |
| 20:05 | Build | Farm |
| 20:09 | Build | Farm |
| 20:13 | Build | House |
| 20:20 | Research | Horse Collar |
| 20:23 | Build | Lumber Camp |
| 20:37 | Queue | Villager (Male) |
| 20:41 | Queue | Monk |
| 20:41 | Queue | Monk |
| 20:46 | Build | House |
| 20:48 | Research | Town Watch |
| 20:57 | Queue | Villager (Male) |
| 21:04 | Research | Wheelbarrow |
| 21:04 | Research | Wheelbarrow |
| 21:25 | Queue | Monk |
| 21:26 | Queue | Villager (Male) |
| 21:30 | Build | House |
| 21:34 | Queue | Villager (Male) |
Match timeline
| 5:07 | Big Tony · first_building Barracks |
| 5:08 | L · wall_segment Palisade Wall x4 |
| 5:39 | Big Tony · wall_segment Palisade Wall x1 |
| 6:19 | L · wall_segment Palisade Wall x15 |
| 6:21 | L · wall_segment Palisade Wall x8 |
| 6:53 | L · wall_segment Palisade Wall x8 |
| 6:55 | L · wall_segment Palisade Wall x7 |
| 7:15 | L · wall_segment Palisade Wall x2 |
| 7:19 | L · wall_segment Palisade Wall x3 |
| 7:22 | L · wall_segment Palisade Wall x3 |
| 8:54 | L · wall_segment Palisade Wall x1 |
| 10:07 | Big Tony · age_up feudal |
| 10:51 | Big Tony · wall_segment Palisade Wall x1 |
| 10:51 | Big Tony · wall_segment Palisade Wall x1 |
| 10:52 | Big Tony · wall_segment Palisade Wall x1 |
| 10:52 | Big Tony · wall_segment Palisade Wall x1 |
| 10:52 | Big Tony · wall_segment Palisade Wall x1 |
| 10:53 | Big Tony · wall_segment Palisade Wall x1 |
| 10:53 | Big Tony · wall_segment Palisade Wall x1 |
| 10:54 | Big Tony · wall_segment Palisade Wall x1 |
| 11:20 | L · age_up feudal |
| 12:37 | L · first_market_sell 100 stone |
| 12:41 | L · first_market_buy 100 food |
| 12:41 | Big Tony · wall_segment Palisade Wall x5 |
| 13:10 | Big Tony · wall_segment Palisade Wall x6 |
| 15:21 | L · age_up castle |
| 15:28 | L · first_building Siege Workshop |
| 15:36 | L · first_building Monastery |
| 15:44 | L · wall_segment Palisade Wall x5 |
| 21:00 | Big Tony · wall_segment Palisade Wall x1 |
| 21:37 | Big Tony · resign |
[ AI ANALYSIS · 1 CREDIT ]
What really happened in this match?
Wolo.gg analyzes every decision: build order, eco, micro, common mistakes by bracket. Personalized analysis on WhatsApp or Discord in 30 seconds.
Civ guide
Koreans
Perfil
Jugador #3436711